 Dungeon Crawl Stone Soup version 0.17.1-3-g152610e (webtiles) character file.

28 DanteCalvez the Conjurer (level 2, -1/15 HPs)
             Began as a Deep Elf Conjurer on Apr 19, 2016.
             Slain by an adder (4 damage)
             ... on level 2 of the Dungeon.
             The game lasted 00:02:03 (864 turns).

DanteCalvez the Conjurer (Deep Elf Conjurer)         Turns: 864, Time: 00:02:03

Health: -1/15      AC:  3    Str:  5    XL:     2   Next: 96%
Magic:  1/9        EV: 13    Int: 19    God:
Gold:   34         SH:  0    Dex: 15    Spells: 2 memorised, 6 levels left

rFire  . . .     SeeInvis .     l - +0 short sword
rCold  . . .     Clarity  .     a - +0 robe
rNeg   . . .     SustAt   .     (no shield)
rPois  .         Gourm    .     (no helmet)
rElec  .         Spirit   .     j - +0 cloak
rCorr  .         Warding  .     (no gloves)
rMut   .         Stasis   .     (no boots)
MR     .....                    (no amulet)
Stlth  ++........               (no ring)
                                (no ring)

@: not resistant to hostile enchantments, unstealthy
A: no striking features
a: no special abilities


You were on level 2 of the Dungeon.
You were not hungry.

You visited 1 branch of the dungeon, and saw 2 of its levels.

You collected 34 gold pieces.


   Skills:
 - Level 2.4 Dodging
 - Level 2.4 Stealth
 + Level 4.0 Spellcasting
 + Level 5.0 Conjurations


You had 6 spell levels left.
You knew the following spells:

 Your Spells              Type           Power        Failure   Level  Hunger
r - Searing Ray           Conj           ###...       2%          2    ##.....
s - Magic Dart            Conj           ###.         1%          1    None

Inventory:

Hand Weapons
 l - a +0 short sword (weapon)
Armour
 a - a +0 robe (worn)
 j - a +0 cloak (worn)
Jewellery
 o - an uncursed amulet of rage
Scrolls
 f - a scroll of fear {unknown}
 h - a scroll of noise {unknown}
 k - a scroll of identify {unknown}
 q - a scroll of amnesia {unknown}
Potions
 d - a potion of might {unknown}
 e - a potion of degeneration {unknown}
 i - a potion of lignification {unknown}
 n - a potion of invisibility {unknown}
 p - a potion of haste {unknown}
Books
 b - a book of Conjurations

   Spells                             Type                      Level
   a - Magic Dart                     Conjuration                  1
   b - Searing Ray                    Conjuration                  2
   c - Dazzling Spray                 Conjuration/Hexes            3
   d - Fulminant Prism                Conjuration/Hexes            4
   e - Iskenderun's Mystic Blast      Conjuration                  4
   f - Iskenderun's Battlesphere      Conjuration/Charms           5
Comestibles
 c - a bread ration
 g - a meat ration
 m - 4 chunks of flesh

Dungeon Overview and Level Annotations

Branches:
Dungeon (2/15)

Altars:

Annotations:
D:2 Terence

############ #.# #..........#
#.######
###.#.###.##.###......#
#.......#.##.##...###.#
#.#.#.#.#...........#.#
#.....#.####.##...#.#@######
#.....#.# #.###..#.<.......
#...(.#.####@# #..###.######
#.##.....)Se.# #..# #.# ##
#.......########... ..#####.
####.#### ##...#####...@. #.###
##.....## #.#### #.#.##
##.......###.#
.######....####.........##@#
..............+.........'..#
.######....####.........##.####
#..#.## ##.......###...@.


You could see Terence and an adder.


Message History

The searing ray hits Terence.
Terence is moderately wounded.
The searing ray hits Terence.
Terence is heavily wounded.
Terence closely misses you.
The searing ray hits Terence.
Terence is severely wounded.
The adder bites you. Terence misses you.
The searing ray hits Terence.
Terence is severely wounded.
The adder barely misses you.
Aiming: Searing Ray The searing ray hits Terence.
Terence is almost dead.
Terence completely misses you. The adder closely misses you.
The searing ray hits Terence.
Terence is almost dead.
The adder misses you. Terence closely misses you. The adder barely misses you.
The searing ray hits Terence.
Terence is almost dead.
Terence hits you with a hand axe. The adder bites you.
* * * LOW HITPOINT WARNING * * *
Without enough magic to sustain it, your searing ray dissipates.
The adder bites you but does no damage.
Terence screams, "I'm going to kill you!"
Terence closely misses you.
You barely miss Terence.
Terence is almost dead.
The adder bites you.
You die...

Action                   || total
-------------------------++-------
Melee: Short sword       ||     3
 Cast: Magic Dart        ||    42
       Searing Ray       ||     2

Vault maps used:
D:1:      mrwooster_arrival_statue_2
D:2:      first_bread, uniq_terence, uniq_sigmund

Notes
Turn   | Place    | Note
--------------------------------------------------------------
     0 | D:1      | DanteCalvez the Deep Elf Conjurer began the quest for the Orb.
     0 | D:1      | Reached XP level 1. HP: 10/10 MP: 6/6
   356 | D:1      | Reached XP level 2. HP: 15/15 MP: 2/8
   365 | D:1      | Learned a level 2 spell: Searing Ray
   757 | D:2      | Reached skill level 5 in Conjurations
   769 | D:2      | Reached skill level 4 in Spellcasting
   795 | D:2      | Noticed Terence
   864 | D:2      | Slain by an adder

Vanquished Creatures
  An adder (D:2)
  A giant gecko (D:1)
  A ball python (D:1)
  3 bats
  2 hobgoblins
  3 jackals (D:2)
  2 giant newts
  2 kobolds (D:2)
  2 rats (D:1)
17 creatures vanquished.
